 Dungeon Crawl Stone Soup version 0.18.1-48-g4cf74bf (webtiles) character file.

230 schwarzrotes the Ruffian (level 5, -4/46 HPs)
             Began as a Minotaur Monk on July 8, 2016.
             Was an Initiate of Gozag.
             Killed from afar by an orc wizard (7 damage)
             ... with a magic dart
             ... on level 4 of the Dungeon.
             The game lasted 00:09:34 (3355 turns).

schwarzrotes the Ruffian (Minotaur Monk)            Turns: 3355, Time: 00:09:34

Health: -4/46      AC:  2    Str: 16    XL:     5   Next: 72%
Magic:  4/4        EV: 14    Int:  7    God:    Gozag
Gold:   145        SH:  0    Dex: 13    Spells: 0 memorised, 4 levels left

rFire  . . .     SeeInvis .       - Unarmed
rCold  . . .     Gourm    .     a - +0 robe
rNeg   . . .     Faith    .     (no shield)
rPois  .         Spirit   .     (helmet restricted)
rElec  .         Dismiss  .     (no cloak)
rCorr  .         Reflect  .     (no gloves)
SustAt .         Harm     .     (no boots)
MR     .....                    (no amulet)
Stlth  ++........               (no ring)
                                (no ring)

@: gold aura, not resistant to hostile enchantments, unstealthy
A: retaliatory headbutt, horns 2
a: Potion Petition, Call Merchant, Bribe Branch, Renounce Religion


You were on level 4 of the Dungeon.
You worshipped Gozag.
Gozag was noncommittal.
You were not hungry.

You visited 1 branch of the dungeon, and saw 4 of its levels.

You collected 145 gold pieces.

Inventory:

Armour
 a - a +0 robe (worn)
Jewellery
 r - an uncursed ring of poison resistance {unknown}
Scrolls
 d - a scroll of random uselessness {unknown}
 f - 3 scrolls of remove curse
 j - 2 scrolls of noise
 k - 3 scrolls of amnesia
 n - a scroll of teleportation {unknown}
 p - a scroll of recharging {unknown}
Potions
 c - 2 potions of mutation {unknown}
 e - a potion of flight {unknown}
 g - a potion of haste
 h - a potion of curing
 i - a potion of magic {unknown}
 l - 2 potions of degeneration {unknown}
 m - a potion of berserk rage {unknown}
 o - a potion of agility
 q - a potion of heal wounds {unknown}
Comestibles
 b - 4 bread rations
 s - a meat ration


   Skills:
 + Level 4.3 Fighting
 * Level 5.2 Dodging
 + Level 2.3 Stealth
 + Level 5.7 Unarmed Combat


You had 4 spell levels left.
You didn't know any spells.

Dungeon Overview and Level Annotations

Branches:
Dungeon (4/15)
 Temple: D:4-7

Altars:
Gozag
Trog
Xom


Innate Abilities, Weirdness & Mutations

You reflexively headbutt those who attack you in melee.
You have a pair of horns on your head.


Message History

The centaur skeleton hits you.
The orc priest looks braver for a moment.
The centaur skeleton hits you but does no damage.
You hit the orc wizard but do no damage.
The orc wizard is lightly wounded.
The centaur skeleton hits you.
You hit the orc wizard. You headbutt the orc wizard!
The orc wizard is severely wounded.
The centaur skeleton hits you. The orc wizard hits you with a dagger.
You barely miss the orc wizard.
The orc wizard is severely wounded.
The centaur skeleton closely misses you.
You furiously retaliate!
You headbutt the centaur skeleton!
The orc priest invokes the aid of Beogh against you.
Pain shoots through your body!
* * * LOW HITPOINT WARNING * * *
The orc wizard casts a spell at you. The magic dart hits you!
You die...
Your body crumbles into a pile of gold.

##.# ####≈.# ....≈##
≈.≈..# ..≈.
########≈.#
..........# .#
.........Z##.# ####
.........o@#.# ...#
.........#o#.# .#.#
.........#.#.# .#.#
.........#.#.# .#.#
.........#...# .#.#
###########..#
.#.####### #..#
.#.......# #..#
.#######.#########.#


You could see an orc priest, an orc wizard and a centaur skeleton.

Vanquished Creatures
  The ghost of Redz the Skirmisher, a weakling HOAK of Lugonu (D:3)
  Jessica (D:2)
  A worker ant (D:3)
  Terence (D:3)
  A hound skeleton (D:4)
  2 adders
  A worm (D:4)
  A giant gecko (D:4)
  8 orcs
  5 bats
  A giant cockroach (D:1)
  7 goblins
  9 hobgoblins
  5 jackals (D:4)
  A quokka (D:3)
  A ball python (D:2)
  6 giant newts
  8 kobolds
  7 rats
67 creatures vanquished.

Notes
Turn   | Place    | Note
--------------------------------------------------------------
     0 | D:1      | schwarzrotes the Minotaur Monk began the quest for the Orb.
     0 | D:1      | Reached XP level 1. HP: 19/19 MP: 0/0
   209 | D:1      | Reached XP level 2. HP: 26/26 MP: 1/1
   391 | D:1      | Reached skill level 5 in Unarmed Combat
  1076 | D:2      | Reached XP level 3. HP: 31/33 MP: 2/2
  1443 | D:2      | Found a shimmering altar of Xom.
  1497 | D:2      | Noticed Jessica
  1527 | D:2      | Killed Jessica
  1527 | D:2      | Reached XP level 4. HP: 32/40 MP: 3/3
  1685 | D:3      | Noticed Redz's ghost (weakling HOAK)
  1698 | D:3      | Killed Redz's ghost
  2170 | D:3      | Noticed Terence
  2184 | D:3      | Killed Terence
  2184 | D:3      | Reached XP level 5. HP: 33/46 MP: 4/4
  3081 | D:4      | Reached skill level 5 in Dodging
  3100 | D:4      | Found a bloodstained altar of Trog.
  3129 | D:4      | Found an opulent altar of Gozag.
  3134 | D:4      | Became a worshipper of Gozag Ym Sagoz the Greedy
  3355 | D:4      | Killed from afar by an orc wizard

Skill      XL: |  1  2  3  4  5 |
---------------+----------------+-----
Unarmed Combat | 5 |  5.7
Fighting       | 4 |  4.3
Dodging        | 4 5 |  5.2
Stealth        | 2 |  2.3

Action                   |  1- 3 |  4- 6 || total
-------------------------+-------+-------++-------
Melee: Unarmed           |    86 |    94 ||   180
       Headbutt          |     8 |    15 ||    23
       Punch             |       |     1 ||     1
  Use: Scroll            |     2 |     2 ||     4
       Potion            |     2 |       ||     2
 Stab: Sleeping          |     3 |       ||     3
  Eat: Meat ration       |     1 |     1 ||     2
       Chunk             |       |     1 ||     1
Armor: Robe              |    22 |     7 ||    29
Dodge: Dodged            |    83 |    74 ||   157
